 Dungeon Crawl Stone Soup version 0.17-a0-913-g36eb389 (webtiles) character file.

30763 namelastname112 the Cleaver (level 13, -5/117 HPs)
             Began as a White Draconian Berserker on May 3, 2015.
             Was a High Priest of Trog.
             Shot with a poisoned arrow by Nessos (6 damage)
             ... on level 5 of the Lair of Beasts.
             The game lasted 00:37:20 (17609 turns).

namelastname112 the Cleaver (DrBe)                 Turns: 17609, Time: 00:37:33

Health: -5/117     AC: 12    Str: 29    XL:     13   Next: 22%
Magic:  0/4        EV: 14    Int:  9    God:    Trog [*****.]
Gold:   956        SH:  0    Dex: 16    Spells: 0 memorised, 12 levels left

rFire  . . .     SeeInvis .     Q - +6 battleaxe (antimagic)
rCold  + . .     Clarity  +     (armour unavailable)
rNeg   . . .     SustAb   .     (no shield)
rPois  .         Gourm    .     c - +1 hat
rElec  .         Spirit   +     D - +0 cloak
rCorr  .         Warding  .     I - +0 pair of gloves {archery}
rMut   .         Stasis   .     v - +0 pair of boots
MR     ++...                    d - amulet of guardian spirit
Stlth  ++........               M - +5 ring of slaying
                                e - +5 ring of strength

@: lethally poisoned (-5 -> -33), flying, regenerating, very resistant to
hostile enchantments, unstealthy
A: breathe frost, unfitting armour, big wings, horns 1, clarity, clever 1, cold
resistance 1, high mp 1, strong 2, evolution 2, cold-blooded, AC +8
a: Breathe Frost, Stop Flying, Burn Spellbooks, Berserk, Trog's Hand, Brothers
in Arms, Renounce Religion


You were on level 5 of the Lair of Beasts.
You worshipped Trog.
Trog was extremely pleased with you.
You were very hungry.

You visited 2 branches of the dungeon, and saw 16 of its levels.
You also visited: Ossuary.

You collected 956 gold pieces.

Inventory:

Hand weapons
 J - a +4 war axe
 Q - a +6 antimagic battleaxe (weapon)
Missiles
 H - 2 silver javelins (quivered)
 W - 5 javelins of penetration
Armour
 c - a +1 hat (worn)
 v - a +0 pair of boots (worn)
 B - a +1 shield
 D - a +0 cloak (worn)
 I - a +0 pair of gloves of archery (worn)
 Y - the +3 shield "Kito" {-Tele rElec rN+ Regen+}
   (You found it on level 4 of the Lair of Beasts)

   It insulates you from electricity.
   It protects you from negative energy.
   It prevents most forms of teleportation.
   It increases your rate of regeneration.
Jewellery
 d - an amulet of guardian spirit (around neck)
 e - a +5 ring of strength (left hand)
 y - a +2 ring of intelligence
 L - a +1 ring of protection
 M - a +5 ring of slaying (right hand)
 T - a +2 ring of evasion
Magical devices
 a - a wand of slowing (29)
 x - a wand of flame (42)
 O - a wand of disintegration (13)
Scrolls
 h - 3 scrolls of amnesia
 i - 4 scrolls of identify
 j - 4 scrolls of remove curse
 l - 7 scrolls of teleportation
 m - 4 scrolls of magic mapping
 r - a scroll of fog
 s - a scroll of recharging
 E - a scroll of blinking
 F - a scroll of fear
 K - a scroll of enchant weapon
 R - 2 scrolls of enchant armour
Potions
 f - 3 potions of brilliance
 g - a potion of agility
 k - 5 potions of might
 n - a potion of resistance
 o - 4 potions of flight
 p - a potion of ambrosia
 u - 3 potions of degeneration
 w - 4 potions of curing
 G - 2 potions of haste
 N - a potion of lignification
 P - a potion of poison
 U - a potion of heal wounds
Books
 z - a book of Enchantments

   Spells                             Type                      Level
   a - Cause Fear                     Hexes                        4
   b - Silence                        Hexes/Air                    5
   c - Deflect Missiles               Charms/Air                   6
   d - Haste                          Charms                       6
   e - Discord                        Hexes                        8
   Trog disapproves of the use of such an item.
 S - a book of Burglary

   Spells                             Type                      Level
   a - Swiftness                      Charms/Air                   2
   b - Passwall                       Transmutation/Earth          3
   c - Passage of Golubria            Translocation                4
   d - Lee's Rapid Deconstruction     Earth                        5
   e - Invisibility                   Hexes                        6
   f - Darkness                       Hexes                        7
   Trog disapproves of the use of such an item.
Comestibles
 b - 11 bread rations
 q - 7 royal jellies
 t - 4 meat rations
 A - 5 beef jerkies
 C - 16 fruits


   Skills:
 + Level 11.8 Fighting
 * Level 14.4 Axes
 + Level 4.2 Throwing
 + Level 10.1 Dodging
 - Level 7.7 Shields


You had 12 spell levels left.
You didn't know any spells.

Dungeon Overview and Level Annotations

Branches:
Dungeon (11/15)            Temple (0/1) D:6            Lair (5/8) D:10
 Shoals (0/4) Lair:5          Orc (0/4) D:10
  Snake: Lair:3-6    Spider: Lair:3-6

Altars:
Fedhas
Gozag
Nemelex Xobeh
Okawaru
Sif Muna
Vehumet
Xom
Zin
The Shining One

Annotations:
Lair:5 Nessos


Innate Abilities, Weirdness & Mutations

You can breathe waves of freezing cold.
You can buffet flying creatures when you breathe cold.
Your icy white scales are hard (AC +8).
Your body does not fit into most forms of armour.
Your flesh is cold resistant.
You are cold-blooded and may be slowed by cold attacks.
Your large and strong wings let you fly indefinitely.
You have a pair of small horns on your head.
You possess an exceptional clarity of mind.
Your mind is acute. (Int +2)
You have an increased reservoir of magic (+10% MP).
Your muscles are very strong. (Str +4)
You rapidly evolve.


Message History

You see here 2 poisoned arrows.
You feel very sick. Nessos says, "Study your classics!"
Nessos shoots a poisoned arrow.
The poisoned arrow hits you!
* * * LOW HITPOINT WARNING * * *
The poisoned arrow burns you.
* * * LOW HITPOINT WARNING * * *
You are lethally poisoned!
There is a stone staircase leading up, spattered with blood here.
You see here a poisoned arrow.
Unknown command.
Unknown command.
* * * LOW HITPOINT WARNING * * *
You feel very sick.
Nessos blinks!
Nessos intently looks at you, slowly moving his tail.
Nessos shoots a poisoned arrow.
The poisoned arrow hits you!!
* * * LOW HITPOINT WARNING * * *
The poisoned arrow burns you.
You die...

### #.######
###...#P.##
####.........#
#.#.......c..## #
#§.[(........### ###
#...(..........# #.P
#.(@...........###..
###..........†..##..
#...........##....
###........P#.....
###.............
#.......###.#
....#.## ###
.##.######P ## #....


You could see Nessos.

Vanquished Creatures
  Gastronok (D:9)
  4 hydras
  An unseen horror (D:11)
  A hill giant (D:10)
  2 cyclopes (D:11)
  4 black mambas
  Psyche (D:9)
  7 spiny frogs
  A centaur skeleton (D:11)
  4 komodo dragons
  A troll (D:10)
  3 blink frogs (Lair:4)
  3 wyverns
  2 two-headed ogres
  2 hungry ghosts (D:8)
  6 hippogriffs
  3 basilisks
  31 yaks
  2 vampire mosquitoes (D:11)
  8 wolves
  A sky beast (D:11)
  3 phantoms
  3 water moccasins
  The ghost of sose the Skirmisher, an average HOWn of Ru (D:3)
  2 black bears
  14 porcupines
  7 orc warriors
  2 boring beetles (D:8)
  19 centaurs
  5 ice beasts
  A necrophage (D:11)
  12 crocodiles
  2 gnoll sergeants
  10 giant frogs
  A brain worm (D:8)
  9 scorpions
  5 killer bees (D:8)
  4 wights (D:8)
  An electric eel (D:11)
  2 crimson imps
  A wasp zombie (D:9)
  2 giant frog zombies
  4 jellies
  3 centaur zombies (Ossuary)
  5 hounds
  6 orc wizards
  Ijyb (D:3)
  8 orc priests
  A giant frog skeleton (D:8)
  Jessica (D:3)
  10 worker ants
  8 iguanas
  18 sheep
  6 mummies (Ossuary)
  7 adders
  19 gnolls
  3 worker ant zombies
  24 river rats
  2 shadow imps
  An ooze (D:3)
  An adder zombie (D:6)
  4 worms
  6 giant geckos
  32 orcs
  16 bats
  4 bat skeletons
  4 giant cockroaches
  18 goblins
  9 hobgoblins
  9 jackals
  17 kobolds
  7 quokkas
  A ball python (D:1)
  A giant gecko skeleton (D:5)
  6 giant newts
  A jackal skeleton (D:4)
  16 rats
  2 ballistomycetes (D:8)
  A fungus (Lair:3)
  3 plants
479 creatures vanquished.

Vanquished Creatures (collateral kills)
  A hydra (Lair:1)
  A black mamba (Lair:4)
  A spiny frog (Lair:4)
  A yak (D:8)
  A porcupine (D:8)
  An orc (D:8)
6 creatures vanquished.

Vanquished Creatures (others)
  2 two-headed ogres
  2 ogres
  A quasit (D:8)
  2 orc priests (D:8)
  An orc (D:8)
  A giant spore (D:8)
  3 ballistomycetes (D:8)
  A fungus (Lair:5)
  6 plants
19 creatures vanquished.

Grand Total: 504 creatures vanquished

Notes
Turn   | Place    | Note
--------------------------------------------------------------
     0 | D:1      | namelastname112, the Draconian Berserker, began the quest for the Orb.
     0 | D:1      | Reached XP level 1. HP: 19/19 MP: 1/1
    49 | D:1      | Reached XP level 2. HP: 16/26 MP: 2/2
   904 | D:1      | Reached XP level 3. HP: 29/33 MP: 3/3
   914 | D:1      | Acquired Trog's second power
  1722 | D:3      | Reached skill level 4 in Axes
  1774 | D:3      | Reached XP level 4. HP: 40/40 MP: 2/4
  1834 | D:3      | Noticed sose's ghost (average HOWn)
  1853 | D:3      | Killed sose's ghost
  1853 | D:3      | Reached XP level 5. HP: 29/47 MP: 3/5
  2029 | D:3      | Noticed Jessica
  2041 | D:3      | Killed Jessica
  2136 | D:3      | Reached skill level 5 in Axes
  2188 | D:3      | Noticed Ijyb
  2212 | D:3      | Killed Ijyb
  2391 | D:3      | Reached XP level 6. HP: 37/53 MP: 6/6
  2594 | D:3      | Found a deep blue altar of Sif Muna.
  2893 | D:4      | Reached skill level 5 in Fighting
  3225 | D:4      | Reached skill level 6 in Axes
  3296 | D:4      | Your scales start taking on a icy white colour.
  3296 | D:4      | Gained mutation: Your flesh is cold resistant. [White Draconian growth]
  3296 | D:4      | Reached XP level 7. HP: 57/61 MP: 5/7
  3731 | D:5      | Entered Level 5 of the Dungeon
  4083 | D:5      | Reached skill level 7 in Axes
  4147 | D:5      | Found a sparkling altar of Nemelex Xobeh.
  4237 | D:5      | Reached skill level 5 in Dodging
  4237 | D:5      | Reached XP level 8. HP: 34/70 MP: 4/8
  4377 | D:5      | Acquired Trog's third power
  4918 | D:6      | Reached skill level 8 in Axes
  5029 | D:6      | Found a staircase to the Ecumenical Temple.
  5211 | D:6      | Reached skill level 1 in Shields
  5479 | D:6      | Found a blossoming altar of Fedhas.
  5479 | D:6      | Found an opulent altar of Gozag.
  5480 | D:6      | Found an iron altar of Okawaru.
  5919 | D:7      | Found a sand-covered staircase.
  5937 | D:7      | Found a glowing golden altar of the Shining One.
  5987 | D:7      | Found an opulent altar of Gozag.
  5993 | Ossuary  | Entered an ossuary
  6049 | Ossuary  | Reached XP level 9. HP: 58/79 MP: 6/9
  6274 | D:7      | Reached skill level 9 in Axes
  6638 | D:7      | Gained mutation: Your mind is acute. (Int +2) [potion of mutation]
  6638 | D:7      | Gained mutation: Your muscles are strong. (Str +2) [potion of mutation]
  6638 | D:7      | Gained mutation: Your spells are a little easier to cast, but a little less powerful. [potion of mutation]
  6639 | D:7      | Gained mutation: Your mind is very acute. (Int +4) [potion of mutation]
  6639 | D:7      | Gained mutation: You have a pair of small horns on your head. [potion of mutation]
  6640 | D:7      | Gained mutation: You have an increased reservoir of magic (+10% MP). [potion of mutation]
  6640 | D:7      | Gained mutation: You have large cloven feet. [potion of mutation]
  6641 | D:7      | Gained mutation: You possess an exceptional clarity of mind. [potion of mutation]
  6746 | D:8      | Found a staircase to the Lair.
  6775 | D:8      | Reached skill level 10 in Axes
  6783 | D:8      | Reached XP level 10. HP: 35/88 MP: 4/11
  6864 | D:9      | Found a blossoming altar of Fedhas.
  6864 | D:9      | Noticed Psyche
  6876 | D:9      | Killed Psyche
  7031 | D:9      | Noticed Gastronok
  7037 | D:9      | Killed Gastronok
  7037 | D:9      | Reached skill level 11 in Axes
  7037 | D:9      | Reached skill level 5 in Shields
  7738 | D:8      | Found a shimmering altar of Xom.
  7884 | D:8      | Reached XP level 11. HP: 86/97 MP: 8/12
  7908 | D:8      | HP: 4/97 [centaur/arrow (8)]
  9365 | D:10     | Entered Level 10 of the Dungeon
  9365 | D:10     | Found a staircase to the Lair.
  9461 | D:10     | Reached skill level 12 in Axes
  9872 | D:10     | Found a staircase to the Orcish Mines.
  9949 | D:10     | Noticed a hill giant
  9955 | D:10     | Killed a hill giant
 10160 | D:11     | Gained mutation: You evolve. [mutagenic meat]
 10161 | D:11     | Lost mutation: Your mind is very acute. (Int +4) [mutagenic meat]
 10289 | D:11     | Received a gift from Trog
 10372 | D:11     | Reached skill level 10 in Fighting
 10438 | D:11     | Killed an unseen horror
 10486 | D:11     | Noticed a four-headed hydra
 10504 | D:11     | oops
 10510 | D:11     | HMMM
 11103 | D:11     | Gained mutation: You rapidly evolve. [potion of mutation]
 11103 | D:11     | Gained mutation: Your large and strong wings let you fly indefinitely. [potion of mutation]
 11103 | D:11     | Gained mutation: Your muscles are very strong. (Str +4) [potion of mutation]
 11207 | D:11     | Lost mutation: Your spells are a little easier to cast, but a little less powerful. [evolution]
 11341 | D:11     | Found a glowing silver altar of Zin.
 11444 | Lair:1   | Entered Level 1 of the Lair of Beasts
 11668 | Lair:1   | Reached XP level 12. HP: 32/107 MP: 7/13
 11669 | Lair:1   | Received a gift from Trog
 11987 | Lair:1   | Reached skill level 13 in Axes
 12532 | Lair:1   | Found a radiant altar of Vehumet.
 12692 | Lair:1   | Noticed a four-headed hydra
 12729 | Lair:1   | Reached skill level 1 in Throwing
 12791 | Lair:1   | Killed a five-headed hydra
 13124 | Lair:1   | You are sucked into a shaft!
 13543 | Lair:2   | Lost mutation: You have large cloven feet. [evolution]
 14971 | Lair:4   | HP: 2/110 [black mamba (10)]
 15537 | Lair:4   | Noticed a seven-headed hydra
 15569 | Lair:4   | Killed a seven-headed hydra
 15762 | Lair:4   | Reached skill level 14 in Axes
 16073 | Lair:4   | Got a crude shield
 16077 | Lair:4   | Identified the +3 shield "Kito" {-Tele rElec rN+ Regen+} (You found it on level 4 of the Lair of Beasts)
 16268 | Lair:4   | Identified a scroll of acquirement
 16430 | Lair:5   | Noticed a six-headed hydra
 16440 | Lair:5   | Killed a ten-headed hydra
 16607 | Lair:5   | Noticed a seven-headed hydra
 16620 | Lair:5   | Killed a ten-headed hydra
 16620 | Lair:5   | Reached skill level 10 in Dodging
 16620 | Lair:5   | Reached XP level 13. HP: 116/116 MP: 2/14
 16667 | Lair:5   | Received a gift from Trog
 16756 | Lair:5   | Found a staircase to the Shoals.
 16756 | Lair:5   | Noticed a seven-headed hydra
 17190 | Lair:5   | Received a gift from Trog
 17194 | Lair:5   | Killed an eight-headed hydra
 17605 | Lair:5   | Noticed Nessos
 17609 | Lair:5   | HP: 1/117 [Nessos/poisoned arrow (19)]
 17609 | Lair:5   | Shot with a poisoned arrow by Nessos

Action                   |  1- 3 |  4- 6 |  7- 9 | 10-12 | 13-15 || total
-------------------------+-------+-------+-------+-------+-------++-------
Melee: Hand axe          |   136 |   156 |    77 |       |       ||   369
       War axe           |       |       |   291 |   445 |       ||   736
       Battleaxe         |       |       |       |   215 |    51 ||   266
Throw: Javelin           |       |       |       |     9 |     3 ||    12
Invok: Berserk           |     2 |     2 |     4 |     9 |     1 ||    18
       Burn Spellbooks   |       |     1 |       |       |       ||     1
       Trog's Hand       |       |       |       |     2 |     1 ||     3
       Brothers in Arms  |       |       |       |     6 |       ||     6
 Abil: Fly               |       |       |       |     1 |       ||     1
       Breathe Frost     |       |       |       |     3 |     2 ||     5
  Use: Scroll            |       |       |    20 |    13 |       ||    33
       Potion            |       |       |     4 |     6 |       ||    10
 Stab: Confused          |       |       |       |     4 |       ||     4
       Sleeping          |       |       |       |     6 |       ||     6
  Eat: Chunk             |     3 |     2 |    13 |    26 |     5 ||    49
       Fruit             |       |     2 |     2 |     6 |       ||    10
       Bread ration      |       |     1 |       |       |       ||     1
       Royal jelly       |       |       |       |     5 |       ||     5
       Pizza             |       |       |       |     3 |       ||     3
       Beef jerky        |       |       |       |     1 |       ||     1
